QQQQQ, chaotic female human Rogue ------------- --------- |............############ |........########### |...........| |.......| |...........| #-.......-# |...>........# #|.......|# ------|----.-# #---------# ## ### #### # # ## # # # ####### ### # # --|-.------- ## # # # # |..........| ###@a##%############################################# |..........| # # # # # --.- |..........| # # ### ------------# ###|..| |...<......| # --------------# # |...........# #...| ------------ ###|............|# ###|..........| |{.| #-.............# #...........| |..| -------------- ------------ --|- # QQQQQ the Cutpurse Experience level: 4 Strength: 12 Dexterity: 17 Constitution: 16 Intelligence: 10 Wisdom: 9 Charisma: 12 Health: 0(30) Energy: 16(16) Def: 6 Gold: 495 Moves: 1884 Dungeon seed: TdGH0jCfZuzRjrak Game ID: QQQQQ_1498536685 Your Inventory: Coins $ - 495 gold pieces Weapons a - an uncursed +0 short sword h - an uncursed +0 orcish dagger j - an uncursed +0 dagger k - a blessed +1 two-handed sword (weapon in hands) Armor d - an uncursed +1 leather armor (being worn) n - a blessed +0 pair of low boots (being worn) q - an uncursed +1 orcish helm (being worn) Comestibles l - 2 uncursed food rations Spellbooks i - an uncursed spellbook of magic missile Potions c - an uncursed potion of sickness Tools e - an uncursed lock pick f - an uncursed sack g - an uncursed oil lamp (0:1114) Gems r - an uncursed worthless piece of black glass Spells and supernatural/magical abilities: Name Level Category Fail Memory W - pray for help -- divine ? -- Your skills at the end: Fighting Skills wands [Basic] Weapon Skills dagger [Basic] short sword [Basic] Spellcasting Skills Final Attributes: You were piously aligned. You were stealthy. You were a werejackal. You are dead. Vanquished creatures: a pony 2 giant ants a little dog a centipede a werejackal an acid blob a hobbit 2 cave spiders a yellow mold a red mold 4 jackals 2 kobolds 2 goblins a sewer rat 4 grid bugs 7 lichens 4 newts 36 creatures vanquished. Voluntary challenges: You were an atheist. You used a wielded weapon 17 times, starting on turn 11. You read items or engraved 3 times, starting on turn 365. You never genocided any monsters. You never polymorphed an object. You never changed form. You used no wishes. You never split a pudding. You never wrote Elbereth's name. You violated your moral code, losing 21 points of alignment, starting on turn 49. Dungeon overview: The Dungeons of Doom: levels 1 to 5 Level 1 an altar to Kos, a fountain a long staircase Level 2 a fountain a long staircase Level 3 Level 4 a fountain Level 5 <- You were here a fountain History has recorded: On T:1 you entered the Dungeons of Doom to retrieve the Amulet of Yendor! On T:196 you advanced to experience level 2. On T:329 you reached level 2 of The Dungeons of Doom. On T:603 you reached level 3 of The Dungeons of Doom. On T:677 you advanced to experience level 3. On T:1023 you reached level 4 of The Dungeons of Doom. On T:1332 you reached level 5 of The Dungeons of Doom. On T:1872 you advanced to experience level 4. Score breakdown: Gold: 495 ( 9169 points) Experience: 4 levels ( 9649 points) Exploration: 5 levels ( 10.42%) ( 8751 points) Discoveries: 2 items ( 0.67%) ( 2449 points) Valuables value: (no points given unless you survive) Artifact value: 0 ( 0 points) Variety of kills: 17 monsters ( 4.44%) ( 6320 points) Turncount: 1884 turns ( 0 points) Survival: died (score multiplied by 80%) Total score: 29070 Latest messages: The giant ant just misses! Please move the cursor to an unknown object. A giant ant on daggers on a corridor. The dagger hits the giant ant. The giant ant bites! You are now wielding your two-handed sword. The giant ant bites! The giant ant misses. You miss the giant ant. The giant ant bites! You kill the giant ant! The giant ant bites! You hit the giant ant. The giant ant bites! You hit the giant ant. The giant ant bites! The giant ant misses. You hit the giant ant! The giant ant bites! You kill the giant ant! The giant ant bites! (2x) You die... Final status: Goodbye QQQQQ the Rogue, killed by a giant ant... You died in The Dungeons of Doom on dungeon level 5 with 29070 points, and 495 pieces of gold, after 1884 moves. You were level 4 with a maximum of 30 hit points when you died.